 Dungeon Crawl Stone Soup version 0.19.0-24-gb05acd6 (console) character file.

17 Jesseh the Insei (level 2, -5/16 HPs)
             Began as a Vine Stalker Monk on Nov 22, 2016.
             Slain by a gnoll
             ... wielding a +0 halberd
              (7 damage)
             ... on level 1 of the Dungeon.
             The game lasted 00:03:46 (616 turns).

Jesseh the Insei (Vine Stalker Monk)                 Turns: 616, Time: 00:03:47

Health: -5/16      AC:  3    Str: 13    XL:     2   Next: 62%
Magic:  0/5        EV: 13    Int: 10    God:
Gold:   27         SH:  0    Dex: 16    Spells: 0 memorised, 4 levels left

rFire  . . .     SeeInvis .       - Unarmed
rCold  + . .     Gourm    .     a - +0 robe
rNeg   . . .     Faith    .     (no shield)
rPois  .         Spirit   +     (no helmet)
rElec  .         Reflect  .     (no cloak)
rCorr  .         Harm     .     l - +0 pair of gloves
MR     .....                    (no boots)
Stlth  ++........               (no amulet)
                                (no ring)
                                n - ring of protection from cold

@: no status effects
A: fangs 2, magic shield, antimagic bite, no device heal 3, rot immunity
a: no special abilities


You were on level 1 of the Dungeon.
You were not hungry.

You visited 1 branch of the dungeon, and saw 1 of its levels.

You collected 27 gold pieces.

Inventory:

Armour
 a - a +0 robe (worn)
 l - a +0 pair of gloves (worn)
   (You found it on level 1 of the Dungeon)
Jewellery
 n - a ring of protection from cold (left hand)
   (You found it on level 1 of the Dungeon)
Scrolls
 c - a scroll of enchant weapon {unknown}
 e - a scroll of remove curse {unknown}
 f - 2 scrolls of identify {unknown}
 h - a scroll of noise {unknown}
 i - a scroll of teleportation {unknown}
 k - a scroll of blinking {unknown}
Potions
 g - a potion of lignification {unknown}
 j - a potion of agility {unknown}
Comestibles
 b - 2 bread rations
 d - a beef jerky
 m - 5 chunks of flesh


   Skills:
 - Level 2.6 Fighting
 - Level 2.4 Dodging
 - Level 2.4 Stealth
 + Level 3.2 Unarmed Combat
 * Level 1.8 Spellcasting


You had 4 spell levels left.
You didn't know any spells.

Dungeon Overview and Level Annotations

Branches:
Dungeon (1/15)

Altars:


Innate Abilities, Weirdness & Mutations

You have extremely sharp teeth.
When hurt, damage is shared between your health and your magic reserves.
Your bite disrupts and absorbs the magic of your enemies.
Potions and wands cannot restore your health.
You are immune to rotting.


Message History

Things that are here:
a jackal skeleton; a jackal corpse You see here a rat corpse.
You butcher the rat corpse.
c - 9 chunks of flesh (gained 1)
There isn't anything here!
Things that are here:
a jackal skeleton; a jackal corpse You butcher the jackal corpse.
c - 10 chunks of flesh (gained 1)
You see here a jackal skeleton.
You start resting.
Some of the chunks of flesh in your inventory have rotted away. x3
All of the chunks of flesh in your inventory have rotted away.
You now have 27 gold pieces (gained 7).
c - a scroll labeled HOHISI SIAPAS
j - a white potion A giant cockroach comes into view.
The helpless giant cockroach fails to defend itself.
You punch the giant cockroach!
You kill the giant cockroach!
Sorry, you're not good enough to have a special ability.
Firing (i - inventory): No suitable missiles.
Okay, then.
A dart slug comes into view.
Found a stone staircase leading down.
The dart slug closely misses you.
You hit the dart slug. You bite the dart slug. You drain its power.
You hit the dart slug. The dart slug launches a dart at you.
The slug dart hits you!
You hit the dart slug. You hit the dart slug.
You kill the dart slug!
You see here 20 arrows.
You see here 16 stones.
k - a scroll labeled AGRUTT ORYNEYH You see here 20 arrows.
l - a pair of gloves Wear which item? (? for menu, Esc to quit)
You start putting on your armour.
You continue putting on your pair of gloves. x4
You finish putting on your +0 pair of gloves.
You see here 20 arrows.
A goblin comes into view. It is wielding a dagger.
The goblin shouts!
You hit the goblin.
You kill the goblin!
Things that are here:
a dagger; a hunting sling; a goblin corpse
Okay, then.
You butcher the goblin corpse.
m - 3 chunks of flesh
Things that are here:
a dagger; a hunting sling; a goblin skeleton Search for what [? for help]? sling
Things that are here:
a dagger; a hunting sling; a goblin skeleton A frilled lizard comes into view.
You strike the helpless frilled lizard from behind!
You hit the frilled lizard.
You kill the frilled lizard!
Found a stone staircase leading down.
You see here a frilled lizard corpse.
You butcher the frilled lizard corpse.
m - 4 chunks of flesh (gained 1)
You see here a frilled lizard skeleton.
You see here 15 bolts.
A goblin comes into view.
The goblin shouts!
The goblin closely misses you.
You hit the goblin. You bite the goblin. You drain its power.
You kill the goblin!
There is a stone staircase leading down here.
n - a brass ring A rat comes into view.
The helpless rat fails to defend itself.
You hit the rat. The rat barely misses you.
You hit the rat.
You kill the rat!
You see here a rat corpse.
You butcher the rat corpse.
m - 5 chunks of flesh (gained 1)
You see here a rat skeleton.
Put on which piece of jewellery? (? for menu, Esc to quit)
Okay, then.
Put on which piece of jewellery? (? for menu, Esc to quit)
n - a ring of protection from cold (left hand)
A gnoll comes into view. It is wielding a halberd.
There is a large open door here.
There is a large open door here.
You barely miss the gnoll. You bite the gnoll. You drain its power.
The gnoll barely misses you.
You hit the gnoll but do no damage. The gnoll hits you with a halberd!
Ouch! That really hurt!
You hit the gnoll. You hit the gnoll. The gnoll hits you with a halberd!
* * * LOW HITPOINT WARNING * * *
The gnoll hits you from afar with a halberd!
You die...

....▒ .....▒. ....▒▒▒.▒
........... ......▒.▒
.(........▒ ......▒.▒
......... ▒ ....÷.▒.▒
.......▒ ..
......▒.▒▒▒▒▒▒▒......▒'▒▒
....(.........▒▒.........
..............''.........
..............▒▒f........
........▒▒▒▒▒.▒▒........"
........▒ ▒.▒▒..g......
▒▒▒▒▒▒.>▒ ▒.▒▒▒▒▒....▒▒
▒▒.▒▒▒▒▒.▒ ▒▒▒▒▒
▒.▒▒....▒ ▒.▒▒.▒▒▒▒
▒.▒▒.▒ ▒...÷▒


You could see a gnoll.

Vanquished Creatures
  A dart slug (D:1)
  A giant cockroach (D:1)
  A hobgoblin (D:1)
  3 jackals (D:1)
  A frilled lizard (D:1)
  3 goblins (D:1)
  5 rats (D:1)
15 creatures vanquished.

Notes
Turn   | Place    | Note
-------+----------+-------------------------------------------
     0 | D:1      | Jesseh the Vine Stalker Monk began the quest for the Orb.
     0 | D:1      | Reached XP level 1. HP: 11/11 MP: 2/2
   124 | D:1      | Reached skill level 1 in Spellcasting
   128 | D:1      | Reached XP level 2. HP: 5/16 MP: 4/4
   130 | D:1      | HP: 4/16 [jackal (1)]
   135 | D:1      | HP: 2/16 [jackal (1)]
   615 | D:1      | HP: 2/16 [gnoll/halberd (6)]
   616 | D:1      | Slain by a gnoll

Skill      XL: |  1 |
---------------+----+-----
Spellcasting   | 1 |  1.8
Fighting       | |  2.6
Dodging        | |  2.4
Stealth        | |  2.4
Unarmed Combat | |  3.2

Action                   || total
-------------------------++-------
Melee: Unarmed           ||    46
       Bite              ||    12
 Stab: Sleeping          ||     4
       Distracted        ||     1
Armor: Robe              ||     8
Dodge: Dodged            ||    20

Vault maps used:
D:1:      onia_arrival_larder

Table legend:
 A = Turns spent in this place as a percentage of turns spent in the entire game.
 B = Non-inter-level travel turns spent in this place as a percentage of non-inter-level travel turns spent in the entire game.
 C = Inter-level travel turns spent in this place as a percentage of turns spent in this place.
 D = Turns resting spent in this place as a percentage of non-inter-level travel turns spent in this place.
 E = Turns spent auto-exploring this place as a percentage of non-inter-level travel turns spent in this place.
 F = Non-inter-level travel turns spent in this place divided by the number of levels of this place that you've seen.
                   A       B       C       D       E      F
               +-------+-------+-------+-------+-------+----------------------
         Total | 100.0 | 100.0 |   0.0 |   1.0 |   4.9 | 203.0
       Dungeon | 100.0 | 100.0 |   0.0 |   1.0 |   4.9 | 203.0
               +-------+-------+-------+-------+-------+----------------------

Table legend:
 A = Kills in this place as a percentage of kills in entire the game.
 B = Kills by you in this place as a percentage of kills by you in the entire game.
 C = Kills by friends in this place as a percentage of kills by friends in the entire game.
 D = Other kills in this place as a percentage of other kills in the entire game.
 E = Experience gained in this place as a percentage of experience gained in the entire game.
 F = Experience gained in this place divided by the number of levels of this place that you have seen.
                   A       B       C       D       E      F
               +-------+-------+-------+-------+-------+----------------------
         Total | 100.0 | 100.0 |  -nan |  -nan | 100.0 |  25.0
       Dungeon | 100.0 | 100.0 |  -nan |  -nan | 100.0 |  25.0
               +-------+-------+-------+-------+-------+----------------------
